 Dungeon Crawl Stone Soup version 0.28-a0-1152-g9c71ebef14 (webtiles) character file.

Game seed: 3770979140562693045

569 tgiblernsday the Poker (level 7, 0/60 HPs)
             Began as a Minotaur Gladiator on Dec 14, 2021.
             Was a Priest of Trog.
             Slain by an ogre (24 damage)
             ... on level 4 of the Dungeon.
             The game lasted 00:18:46 (4581 turns).

tgiblernsday the Poker (Minotaur Gladiator)         Turns: 4581, Time: 00:18:47

Health: 0/60       AC:  5    Str: 26    XL:     7   Next: 11%
Magic:  6/6        EV: 14    Int:  5    God:    Trog [***...]
Gold:   237        SH:  0    Dex: 18    Spells: 6/6 levels left

rFire   . . .      SeeInvis .   a - +0 trident
rCold   . . .      Faith    .   (no shield)
rNeg    . . .      Spirit   .   w - +2 leather armour "Echayr" {Rampage Will+}
rPois   .          Reflect  .   c - +0 hat
rElec   .          Harm     .   (no cloak)
rCorr   .          Rampage  +   (no gloves)
Will    +....                   (no boots)
Stlth   +.........              (no amulet)
HPRegen 0.20/turn               i - +6 ring of dexterity
MPRegen 0.10/turn               j - +6 ring of strength

@: no status effects
A: horns 2, retaliatory headbutt
a: Renounce Religion, Berserk, Trog's Hand


You were on level 4 of the Dungeon.
You worshipped Trog.
Trog was most pleased with you.
You visited 1 branch of the dungeon, and saw 4 of its levels.

You collected 237 gold pieces.

Inventory:

Hand Weapons
 a - a +0 trident (weapon)
 b - a +0 hunting sling
Missiles
 d - 5 throwing nets (quivered)
 k - 51 stones
 l - 9 boomerangs
Armour
 c - a +0 hat (worn)
 t - a +0 chain mail
 w - the +2 leather armour "Echayr" (worn) {Rampage Will+}
   (You found it on level 4 of the Dungeon)

   Rampage:   It bestows one free step when moving towards enemies.
   Will:      It increases your willpower.
Jewellery
 i - a +6 ring of dexterity (left hand)
 j - a +6 ring of strength (right hand)
Wands
 p - a wand of flame (5)
Scrolls
 e - 2 scrolls of magic mapping {unknown}
 f - a scroll of fog {unknown}
 g - a scroll of blinking {unknown}
 h - a scroll of immolation {unknown}
 m - 4 scrolls of identify {unknown}
 n - a scroll of brand weapon {unknown}
 u - a scroll of torment {unknown}
 v - a scroll of amnesia {unknown}
Potions
 o - a potion of invisibility {unknown}
 q - a potion of heal wounds
 r - a potion of might
 s - a potion of flight {unknown}


   Skills:
 + Level 4.4 Fighting
 + Level 6.2 Polearms
 + Level 3.7(4.1) Slings
 + Level 2.3(3.2) Throwing
 + Level 3.0 Armour
 + Level 4.3 Dodging


You had 6 spell levels left.
You didn't know any spells.
Your spell library was empty.

Dungeon Overview and Level Annotations

Branches:
Dungeon (4/15)
 Temple: D:4-7

Altars:
Trog

Shops:
D:3 (

Annotations:
D:4 Pikel


Innate Abilities, Weirdness & Mutations

You have a pair of horns on your head.
You reflexively headbutt those who attack you in melee.


Message History

You are already wielding that!
You are already wielding that!
Fire: 52 stones
Press: ? - help, Q - select action, (/) - cycle Shift-Dir - straight line, f/p - lemure
Aim: a lemure (moderately wounded, 59% to hit)
You shoot a stone. The stone hits the lemure.
The lemure is heavily wounded.
An ogre comes into view. It is wielding a +0 giant club.
a - a +0 trident (weapon)
The ogre shouts!
You puncture the lemure!
The lemure is severely wounded.
The lemure completely misses you. You furiously retaliate!
You headbutt the lemure. You puncture the lemure!
You kill the lemure!
That felt strangely unrewarding.
A lemure comes into view.
A ball python comes into view.
The lemure shouts!
You puncture Pikel! You headbutt Pikel.
Pikel is heavily wounded.
Pikel hits you with a +1 whip of flaming.
Pikel burns you.
You hit Pikel but do no damage. Your headbutt misses Pikel.
Pikel is heavily wounded.
The ogre misses you.
Pikel drinks a potion.
Pikel seems to grow stronger.
You hit Pikel but do no damage. Your headbutt misses Pikel.
Pikel is heavily wounded.
The lemure barely misses you.
Pikel hits you with a +1 whip of flaming!
Pikel burns you. The ogre barely misses you.
You closely miss Pikel.
Pikel is heavily wounded.
The lemure barely misses you.
Pikel hits you with a +1 whip of flaming!
Pikel burns you.
You puncture Pikel! You headbutt Pikel!
Pikel is severely wounded.
The ogre hits you with a +0 giant club!!
You die...

...# .#.#.# (####
...). ((... .##.#
.(..######## ...#
..........# ..##
#.S......# ###
#.5......# #..K5....#
## #..5@....# ..##
#..O.....# ##.## ###
#........# ....##
+.###........#
##...##
#....#########
....#.###....########
.####........†......#
.........##.........#
#.####...##....>....#


You could see Pikel (strong), an ogre, 3 lemures and a ball python.

Vanquished Creatures
  Sigmund (D:2)
  A lemure (D:4)
  A scorpion (D:2)
  A jelly (D:4)
  An orc priest (D:3)
  Terence (D:3)
  Jessica (D:2)
  Natasha (twice) (D:2)
  Ijyb (D:3)
  A hound skeleton (D:4)
  Robin (D:2)
  5 adders
  2 adder skeletons (D:4)
  2 worms
  2 dart slugs
  5 orcs
  4 bats
  5 endoplasms
  2 giant cockroaches
  13 goblins
  11 hobgoblins
  2 jackals (D:4)
  7 kobolds
  A quokka (D:4)
  5 ball pythons
  4 frilled lizards
  5 rats
87 creatures vanquished.

Notes
Turn   | Place    | Note
-------+----------+-------------------------------------------
     0 | D:1      | tgiblernsday the Minotaur Gladiator began the quest for the
                  | Orb.
     0 | D:1      | Reached XP level 1. HP: 18/18 MP: 0/0
     0 | D:1      | Noticed a shadow dragon
     0 | D:1      | Noticed an ice dragon
     1 | D:1      | Noticed an ice dragon
     4 | D:1      | Noticed an orb of fire
     7 | D:1      | Noticed a black draconian
     9 | D:1      | Noticed an orb of fire
    12 | D:1      | Noticed a large abomination
    12 | D:1      | Noticed an ice dragon
    14 | D:1      | Noticed an iron dragon
    19 | D:1      | Noticed a shadow dragon
    19 | D:1      | Noticed an iron dragon
    19 | D:1      | Noticed a large abomination
    21 | D:1      | Noticed an iron dragon
   225 | D:1      | Found a faded altar of an unknown god.
   235 | D:1      | Prayed at the altar of an unknown god.
   235 | D:1      | Became a worshipper of Trog the Wrathful
   235 | D:1      | Reached * piety under Trog
   298 | D:1      | Reached skill level 4 in Polearms
   315 | D:1      | Reached XP level 2. HP: 11/25 MP: 1/1
  1269 | D:2      | Reached skill level 1 in Armour
  1269 | D:2      | Reached XP level 3. HP: 16/30 MP: 2/2
  1451 | D:2      | Noticed a scorpion
  1459 | D:2      | Killed a scorpion
  1460 | D:2      | Reached XP level 4. HP: 23/38 MP: 3/3
  1760 | D:2      | Noticed Jessica
  1766 | D:2      | Killed Jessica
  1767 | D:2      | Reached skill level 1 in Slings
  1802 | D:2      | Noticed Robin
  1805 | D:2      | Reached ** piety under Trog
  1807 | D:2      | Noticed Natasha
  1815 | D:2      | Reached XP level 5. HP: 25/45 MP: 4/4
  1822 | D:2      | Killed Robin
  1822 | D:2      | HP: 2/45 [Natasha/magic dart (7)]
  1823 | D:2      | Reached skill level 5 in Polearms
  1824 | D:2      | Killed Natasha
  2398 | D:2      | Noticed Natasha
  2408 | D:2      | Killed Natasha
  2676 | D:2      | Noticed Sigmund
  2715 | D:2      | Killed Sigmund
  2716 | D:2      | Reached XP level 6. HP: 52/52 MP: 5/5
  3078 | D:3      | Noticed Ijyb
  3087 | D:3      | Killed Ijyb
  3515 | D:3      | Reached skill level 6 in Polearms
  3675 | D:3      | Noticed Terence
  3687 | D:3      | Killed Terence
  4001 | D:3      | Found Noopt's Weapon Emporium.
  4319 | D:4      | Reached *** piety under Trog
  4348 | D:4      | Reached XP level 7. HP: 48/59 MP: 6/6
  4414 | D:4      | Identified the +2 leather armour "Echayr" {Rampage Will+}
  4570 | D:4      | Noticed Pikel
  4581 | D:4      | Slain by an ogre

Illustrated notes

Levels and vault maps discovered:
D:1:      shiori_arrival_whats_in_store_for_you, layout_loops_ring,
          shapermc_ecumenical_altar_starsandcircs, chequers_mini_garden,
          st_stairs_5
D:2:      layout_loops_ring, minmay_3d_cube, uniq_robin, uniq_sigmund,
          uniq_jessica, uniq_natasha
D:3:      layout_loops_ring, serial_shops, nicolae_lakefront_shop,
          minmay_misc_feat_cross, minmay_distorted, uniq_terence, uniq_ijyb
D:4:      layout_basic, interstate_on_off, grunt_ministairs_8, uniq_pikel

Skill      XL: |  1  2  3  4  5  6 |
---------------+-------------------+-----
Polearms       | 4 5 6 |  6.2
Armour         | 1 2 3 |  3.0
Fighting       | 3 4 |  4.4
Slings         | 1 2 3 |  3.7
Dodging        | 4 |  4.3
Throwing       | |  2.3

Action                   |  1- 3 |  4- 6 |  7- 9 || total
-------------------------+-------+-------+-------++-------
Melee: Trident           |    47 |    87 |     8 ||   142
       Headbutt          |     5 |    23 |     3 ||    31
 Fire: Hunting sling     |    12 |    88 |    21 ||   121
Throw: Throwing net      |       |     1 |       ||     1
Invok: Berserk           |       |     1 |       ||     1
 Stab: Sleeping          |       |     1 |       ||     1
Armor: Leather armour    |    12 |    13 |       ||    25
       Chain mail        |       |    13 |       ||    13
Dodge: Dodged            |    33 |    56 |     7 ||    96

Table legend: (Time is in decaauts)
 A = Elapsed time spent in this place.
 B = Non-inter-level travel time spent in this place.
 C = Inter-level travel time spent in this place.
 D = Time resting spent in this place.
 E = Time spent auto-exploring this place.
 F = Levels seen in this place.
 G = Mean time per level.
                   A        B        C        D        E       F      G
               +--------+--------+--------+--------+--------+-----+--------+
         Total |   4573 |   4461 |    112 |   1068 |   2598 |   4 | 1143.2 |
       Dungeon |   4573 |   4461 |    112 |   1068 |   2598 |   4 | 1143.2 |
               +--------+--------+--------+--------+--------+-----+--------+

Top non-repeatable levels by time:
     D:2: 1638 daAuts
     D:1: 1265 daAuts
     D:3: 1208 daAuts
     D:4: 460 daAuts
